Map: Rhoskallian LE

Players

Arthas

  • Race: Terran Terran
  • Spawn Location: 11:00

Ivadios

  • Race: Terran Terran
  • Spawn Location: 12:00

UFOalien - Winner!

  • Race: Zerg Zerg
  • Spawn Location: 6:00

Uwe - Winner!

  • Race: Protoss Protoss
  • Spawn Location: 5:00

VOD

Have the link to the VOD?

Description

Time

  • Played on: June 13, 2020, 1:55 p.m.
  • Length: 12:46
Show
View Real Time Build Order
Export as new Build Order

Arthas Terran 

Build Orders: Gas First Reaper Expand 

Get SALT Encoding   

  12  0:01  SCV  
  13  0:13  SCV  
  14  0:18  Supply Depot  
  14  0:25  SCV  
  15  0:30  Refinery  
  15  0:43  Barracks  
  15  0:46  SCV  
  16  0:58  SCV  
  17  1:10  SCV  
  18  1:23  SCV  
  19  1:31  Reaper  
  20  1:35  Orbital Command  
  20  1:37  Refinery  
  20  1:59  Command Center  
  20  2:09  SCV, Barracks Tech Lab  
  21  2:15  Engineering Bay  
  21  2:21  SCV  
  22  2:26  Supply Depot  
  22  2:33  SCV  
  23  2:43  Stimpack  
  23  2:47  Marine  
  23  2:48  SCV  
  25  3:03  SCV, Terran Infantry Weapons Level 1  
  26  3:07  Factory  
  26  3:11  Marine  
  27  3:16  Barracks  
  27  3:27  Orbital Command  
  27  3:31  Bunker  
  27  3:36  SCV  
  28  3:41  Bunker  
  28  3:47  Marine  
  29  3:59  Factory Reactor, Starport  
  26  4:04  Marine  
  26  4:09  Marine  
  28  4:16  Bunker  
  28  4:22  Marine  
  28  4:23  Orbital Command  
  29  4:26  Barracks, Marine, Combat Shield  
  30  4:35  SCV  
  31  4:40  Marine  
  31  4:44  Marine  
  33  4:47  SCV  
  34  4:54  Missile Turret  
  34  4:57  Missile Turret  
  34  4:58  Marine  
  35  5:02  Marine  
  35  5:03  Supply Depot  
  36  5:07  Medivac  
  36  5:10  Medivac  
  40  5:38  Marine  
  40  5:39  Marine x2  
  40  5:40  Medivac x2  
  40  5:42  Factory Tech Lab  
  47  5:43  SCV x2  
  49  5:53  Barracks, Terran Infantry Armor Level 1  
  49  5:55  SCV x2  
  49  5:56  Marine x2  
  53  6:06  Siege Tank  
  53  6:07  SCV, Supply Depot  
  53  6:08  Supply Depot  
  57  6:11  SCV, Supply Depot  
  57  6:16  Medivac  
  60  6:20  SCV  
  60  6:23  SCV  
  62  6:28  Marine x3  
  62  6:32  SCV  
  66  6:35  Supply Depot  
  66  6:41  Barracks  
  66  6:42  Siege Tank  
  66  6:43  Medivac  
  66  6:45  Marine  
  66  6:46  Marine  
  73  6:48  SCV  
  73  6:49  SCV  
  75  6:56  Marine x2  
  75  7:01  Concussive Shells  
  77  7:02  Marine  
  77  7:04  Marine  
  79  7:14  Marine x2  
  81  7:20  Marine  
  81  7:22  Marine  
  83  7:28  Siege Tank  
  88  7:30  Viking x2  
  88  7:35  Refinery  
  90  7:39  SCV x2, Command Center  
  90  7:43  Marine x2  
  90  7:44  Marine  
  93  7:48  Supply Depot  
  94  8:09  Marine x2  
  96  8:20  Marine x2  
  98  8:27  Marine x2  
  100  8:36  Barracks x2  
  100  8:38  Marine x2  
  100  8:39  Barracks x2  
  102  8:50  Marine x2  
  63  9:27  Armory, Viking x2  
  65  9:52  Marine x8  
  48  9:53  Marine  
  50  10:09  Marine  
  50  10:10  Marine x2  
  50  10:13  Viking x2  
  45  10:15  Marine x2  
  45  10:16  Marine x4  
  50  10:27  Marine x2  
  50  10:28  Marine  
  46  10:33  Marine x2  
  46  10:34  Marine  
  37  10:36  Marine x2, Reaper  
  33  10:45  Marine, Reaper  
  33  10:49  Viking x2  
  34  10:51  Marine x2  
  34  10:52  Marine  
  34  10:54  Marine  
  27  11:03  Marine  
  21  11:08  Marine x2  
  21  11:09  Marine x2  
  14  11:11  Marine  
Show
View Real Time Build Order
Export as new Build Order

Ivadios Terran 

Build Orders:  

Get SALT Encoding   

  12  0:13  SCV  
  13  0:16  Supply Depot  
  13  0:27  SCV  
  14  0:39  SCV, Supply Depot  
  15  0:51  SCV  
  16  1:13  Barracks  
  16  1:14  SCV  
  17  1:26  SCV  
  18  1:38  SCV  
  19  1:59  Orbital Command  
  19  2:01  Barracks  
  19  2:09  Supply Depot  
  19  2:12  Marine  
  20  2:30  Marine  
  20  2:32  Supply Depot  
  21  2:48  Marine  
  22  2:51  Refinery  
  22  2:54  Barracks  
  22  2:55  Supply Depot  
  22  3:13  Marine x2  
  22  3:19  Supply Depot  
  24  3:31  Marine x2  
  26  3:42  Supply Depot  
  26  3:44  Barracks  
  26  4:05  Supply Depot  
  26  4:23  Marine x2  
  29  4:27  Supply Depot  
  29  4:29  Barracks Reactor  
  28  4:41  Marine x2  
  30  4:49  Command Center  
  30  4:50  Supply Depot  
  30  4:51  Barracks Tech Lab  
  30  5:13  Supply Depot  
  30  5:26  Engineering Bay  
  30  5:29  Marine, Barracks Reactor  
  30  5:30  Marine x3  
  30  5:35  Supply Depot  
  34  5:47  Marine  
  34  5:48  Marine  
  36  5:50  SCV  
  36  5:53  Engineering Bay  
  37  5:57  Supply Depot  
  37  6:12  SCV  
  38  6:21  Combat Shield  
  38  6:24  SCV  
  39  6:32  Refinery  
  39  6:36  SCV  
  40  6:48  SCV  
  41  7:00  Barracks Tech Lab  
  41  7:01  Marine x5  
  46  7:16  Missile Turret  
  46  7:18  Marine  
  46  7:19  Marine x4  
  51  7:36  Marine  
  52  7:37  Marine x4  
  52  7:40  Missile Turret  
  56  7:53  Terran Infantry Weapons Level 1  
  56  7:54  Marine  
  56  7:55  Marine x4  
  61  8:12  Marine  
  61  8:17  Missile Turret  
  62  8:34  Marine  
  62  8:35  Marine x5  
  56  8:52  Marine  
  56  8:53  Marine x5  
  47  9:10  Marine  
  47  9:11  Marine x5  
  47  9:15  Terran Infantry Armor Level 1  
  53  9:28  Marine x6  
  59  9:38  Missile Turret  
  50  9:46  Marine x2  
  50  9:47  Marine x2  
  50  9:48  Marine x2  
  31  10:04  Marine x2  
  31  10:05  Marine x3  
  31  10:06  Marine  
  28  10:31  Marine x4  
  28  10:32  Marine x2  
  28  10:49  Missile Turret, Marine x6  
  32  10:50  Missile Turret x2  
  32  10:51  Missile Turret  
  30  11:02  Missile Turret  
  30  11:03  Missile Turret  
  28  11:06  Missile Turret  
  28  11:07  Marine x6  
  28  11:23  Missile Turret  
  28  11:24  Missile Turret, Marine  
  28  11:25  Marine x5  
  25  11:42  Marine  
  25  11:43  Marine x2  
Show
View Real Time Build Order
Export as new Build Order

UFOalien Zerg - Winner!

Build Orders: Hatch First 

Get SALT Encoding   

  12  0:01  Drone  
  13  0:12  Drone  
  14  0:24  Overlord  
  14  0:33  Extractor, Drone  
  15  0:43  Drone  
  15  0:44  Drone  
  17  0:51  Drone  
  18  1:11  Extractor  
  18  1:13  Hatchery  
  16  1:21  Drone x3  
  19  1:34  Spawning Pool  
  19  1:38  Drone  
  19  1:45  Overlord  
  19  2:06  Evolution Chamber  
  18  2:21  Metabolic Boost  
  18  2:22  Queen  
  20  2:23  Zergling x4  
  22  2:34  Drone x2  
  24  2:40  Zergling x4  
  26  2:48  Queen  
  26  2:49  Drone x2  
  30  3:07  Drone  
  30  3:08  Drone x2  
  30  3:09  Lair  
  33  3:14  Drone  
  33  3:19  Drone x2  
  36  3:32  Overlord  
  36  3:33  Roach Warren  
  35  3:37  Spore Crawler  
  35  3:39  Spore Crawler  
  33  3:43  Drone  
  33  3:44  Drone  
  35  3:53  Drone x4  
  39  4:10  Hydralisk Den  
  36  4:20  Baneling Nest  
  36  4:21  Drone x4  
  39  4:31  Drone x2  
  39  4:32  Drone x2  
  39  4:37  Extractor  
  42  4:39  Overseer  
  42  4:42  Pneumatized Carapace  
  42  4:53  Roach  
  42  4:54  Overlord  
  42  4:59  Hatchery  
  43  5:02  Overlord  
  43  5:10  Zergling x2  
  43  5:11  Overlord  
  44  5:22  Zergling x8  
  44  5:23  Zergling x8  
  52  5:43  Spine Crawler  
  52  5:45  Drone x3, Spine Crawler  
  52  5:47  Extractor  
  52  5:48  Extractor  
  52  5:49  Zergling x4  
  53  5:51  Baneling x4  
  53  6:03  Drone  
  54  6:07  Zerg Melee Weapons Level 1  
  54  6:13  Queen  
  54  6:14  Zergling x6  
  54  6:15  Zergling x6  
  54  6:16  Drone x3  
  54  6:17  Drone  
  66  6:21  Queen  
  66  6:22  Queen  
  70  6:35  Drone  
  70  6:36  Drone x3  
  70  6:39  Overlord  
  74  6:57  Queen  
  76  7:03  Baneling x4  
  76  7:05  Centrifical Hooks  
  76  7:06  Hydralisk x2  
  80  7:08  Zergling x2  
  80  7:09  Zergling x2  
  80  7:13  Extractor, Drone  
  80  7:14  Extractor, Overlord  
  81  7:33  Hydralisk x3  
  81  7:34  Roach, Zergling x2  
  81  7:36  Overlord x4  
  89  7:57  Zergling x2, Hydralisk  
  89  7:58  Zergling x4, Hydralisk x2  
  95  7:59  Roach, Zergling x2  
  95  8:01  Baneling x3, Zerg Ground Armor Level 1  
  95  8:02  Baneling x3  
  101  8:20  Overlord x2  
  101  8:21  Overlord  
  101  8:22  Zergling x2  
  101  8:23  Roach x2, Zergling x2  
  107  8:41  Zergling x6  
  107  8:42  Zergling x10  
  98  9:10  Hydralisk  
  98  9:11  Hydralisk x2  
  98  9:12  Roach x2, Zergling x4  
  110  9:17  Spire  
  109  9:28  Baneling  
  109  9:29  Baneling x7  
  109  9:30  Baneling  
  109  9:31  Drone x2  
  109  9:32  Drone x5  
  100  9:56  Zergling x12  
  100  9:57  Zergling x12  
  111  10:07  Hydralisk x2  
  111  10:08  Zergling x4  
  111  10:13  Overseer  
  117  10:18  Spire  
  116  10:31  Mutalisk  
  116  10:32  Zergling x6, Mutalisk x3  
  125  10:38  Glial Reconstitution  
  125  10:39  Muscular Augments  
  119  11:08  Zergling x6, Corruptor, Mutalisk x3  
  119  11:09  Corruptor, Hydralisk  
  119  11:10  Zergling x4, Overlord  
  132  11:38  Zergling x8, Mutalisk x2, Hydralisk x2  
  137  12:04  Zergling x4  
  137  12:05  Zergling x10  
Show
View Real Time Build Order
Export as new Build Order

Uwe Protoss - Winner!

Build Orders: Carriers 

Get SALT Encoding   

  1  0:00  Probe  
  13  0:15  Probe  
  13  0:17  Pylon  
  14  0:29  Probe  
  15  0:39  Gateway  
  15  0:43  Probe  
  16  0:56  Probe  
  17  1:04  Assimilator  
  17  1:08  Probe, Assimilator  
  18  1:20  Probe  
  19  1:30  Probe  
  19  1:31  Cybernetics Core  
  20  1:38  Probe  
  20  1:40  Zealot  
  23  1:48  Pylon  
  23  1:58  Forge  
  23  2:06  Probe  
  23  2:07  Pylon  
  24  2:23  Stargate  
  24  2:42  Photon Cannon  
  23  2:51  Photon Cannon  
  23  3:10  Probe  
  24  3:30  Pylon  
  24  3:33  Nexus  
  24  3:38  Probe  
  24  3:46  Probe  
  25  3:54  Probe  
  27  4:03  Probe  
  27  4:07  Void Ray  
  32  4:12  Probe  
  33  4:24  Probe  
  34  4:36  Photon Cannon  
  34  4:42  Assimilator  
  34  4:43  Probe  
  34  4:46  Assimilator  
  34  4:51  Probe  
  36  5:01  Probe  
  36  5:05  Cybernetics Core  
  37  5:13  Probe  
  38  5:15  Protoss Air Weapons Level 1  
  38  5:23  Pylon  
  38  5:25  Probe  
  39  5:32  Probe, Zealot  
  41  5:40  Probe  
  42  5:47  Protoss Air Armor Level 1  
  43  5:52  Stargate  
  43  6:00  Pylon  
  43  6:13  Fleet Beacon  
  43  6:17  Probe  
  43  6:25  Probe  
  45  6:34  Probe  
  46  6:40  Stargate  
  46  6:46  Probe  
  47  6:59  Probe, Carrier x2  
  60  7:07  Protoss Air Weapons Level 2  
  60  7:11  Probe  
  61  7:42  Pylon  
  61  7:45  Pylon  
  61  7:49  Pylon  
  61  7:51  Stargate  
  61  7:52  Nexus  
  61  7:56  Pylon  
  61  7:59  Pylon  
  61  8:00  Tempest  
  61  8:03  Carrier  
  61  8:05  Pylon  
  72  8:10  Assimilator  
  72  8:14  Assimilator  
  72  8:33  Protoss Air Armor Level 2  
  64  8:52  Carrier x2  
  76  9:15  Carrier  
  82  9:20  Probe  
  83  9:32  Probe  
  84  9:44  Probe  
  85  9:56  Probe  
  85  9:58  Tempest x3  
  101  10:09  Probe  
  96  10:45  Carrier x2  
  108  10:51  Probe  
  109  10:59  Probe  
  110  11:09  Probe  
  111  11:21  Probe  
  112  11:33  Probe  
  113  11:57  Tempest x2  
  113  11:58  Tempest x2  
Tags
 
Add a new tag
Caveats
  • Supply blocks, unpowered buildings, or Contaminate may cause inaccurate times.
  • Supply counts are checked every 10 seconds.